 Dungeon Crawl Stone Soup version 0.19-a0-1111-gcceb26a (webtiles) character file.

21 4thArraOfDagon the Vexing (level 2, 0/26 HPs)
             Began as a Troll Arcane Marksman on Aug 10, 2016.
             Slain by Grinder (3 damage)
             ... on level 3 of the Dungeon.
             The game lasted 00:00:59 (241 turns).

4thArraOfDagon the Vexing (Troll Arcane Marksman)    Turns: 241, Time: 00:01:00

Health: 0/26       AC:  6    Str: 17 (18) XL:     2   Next: 62%
Magic:  2/2        EV: 10    Int:  7 (9)  God:
Gold:   19         SH:  0    Dex:  7 (9)  Spells: 1 memorised, 2 levels left

rFire  . . .     SeeInvis .     (no weapon)
rCold  . . .     Gourm    +     a - +0 robe
rNeg   . . .     Faith    .     (no shield)
rPois  .         Spirit   .     (helmet restricted)
rElec  .         Dismiss  .     h - +0 cloak
rCorr  .         Reflect  .     (gloves unavailable)
SustAt .         Harm     .     (boots unavailable)
MR     .....                    (no amulet)
Stlth  +.........               (no ring)
                                (no ring)

@:
A: unfitting armour, claws 3, fast metabolism 3, gourmand, regeneration 2,
shaggy fur 1, tough skin 2
a: no special abilities


You were on level 3 of the Dungeon.
You were not hungry.

You visited 1 branch of the dungeon, and saw 3 of its levels.

You collected 19 gold pieces.

Inventory:

Missiles
 c - 4 large rocks (quivered)
 d - 2 throwing nets
Armour
 a - a +0 robe (worn)
 h - a +0 cloak (worn)
Scrolls
 i - a scroll of noise {unknown}
Potions
 g - a potion of curing {unknown}
Books
 b - a book of Debilitation

   Spells                             Type                      Level
   a - Corona                         Hexes                        1
   b - Slow                           Hexes                        2
   c - Gell's Gravitas                Hexes/Translocation          3
   d - Inner Flame                    Hexes/Fire                   3
   e - Cause Fear                     Hexes                        4
   f - Leda's Liquefaction            Hexes/Earth                  4
Comestibles
 f - 2 bread rations
 j - a slice of pizza


   Skills:
 + Level 0.7 Fighting
 + Level 2.0 Throwing
 + Level 1.7 Dodging
 + Level 0.2 Unarmed Combat
 + Level 1.0 Spellcasting
 + Level 2.4 Hexes


You had 2 spell levels left.
You knew the following spells:

 Your Spells              Type           Power        Failure   Level  Hunger
a - Corona                Hex            #......      17%         1    ##.....


Dungeon Overview and Level Annotations

Branches:
Dungeon (3/15)

Altars:

Annotations:
D:3 Grinder


Innate Abilities, Weirdness & Mutations

You are too large for most types of armour.
You have claws for hands.
Your metabolism is lightning-fast.
You like to eat raw meat.
You heal very quickly.
You are covered in fur. (AC +1)
You have very tough skin. (AC +2)


Message History

The adder is lightly wounded.
The adder closely misses you. The adder bites you.
Unknown command.
You completely miss the adder.
The adder is lightly wounded.
Grinder closely misses you. The adder bites you.
Unknown command.
You miss the adder.
The adder is lightly wounded.
The adder misses you. Grinder hits you!
You writhe in agony.
* * * LOW HITPOINT WARNING * * *
Unknown command.
Unknown command.
It was a potion of degeneration.
There was something very wrong with that liquid.
You feel weakened.
You feel dopey.
You feel clumsy. The adder closely misses you. Grinder hits you.
* * * LOW HITPOINT WARNING * * *
You writhe in agony.
You die...

....# ....# ....##
#...... # .......
....########.......
.####...5@S..........
......#######.#.....
#......<.............
##........%....######
#.............#
#5............#
...............#
...##..?.......#
##.........>...#


You could see Grinder and an adder.

Vanquished Creatures
  An adder (D:2)
  A giant gecko (D:1)
  3 giant cockroaches (D:2)
  A hobgoblin (D:2)
  2 kobolds
  2 rats (D:2)
10 creatures vanquished.

Notes
Turn   | Place    | Note
-------+----------+-------------------------------------------
     0 | D:1      | 4thArraOfDagon the Troll Arcane Marksman began the quest for the Orb.
     0 | D:1      | Reached XP level 1. HP: 18/18 MP: 1/1
   180 | D:2      | Reached XP level 2. HP: 26/26 MP: 2/2
   217 | D:3      | Noticed Grinder
   234 | D:3      | Paralysed by Grinder for 4 turns
   241 | D:3      | Slain by Grinder

Vault maps used:
D:1:      nicolae_arrival_washed_ashore, st_stairs_4, grunt_decor_fettered,
          okawaru_ov_weapons_minmay
D:3:      marbit_many_paths, first_bread, minmay_joined_circles, uniq_sigmund,
          uniq_grinder, uniq_natasha, uniq_crazy_yiuf_cottage

Skill      XL: |  1  2 |
---------------+-------+-----
Throwing       | 2 |  2.0
Fighting       | |  0.7
Dodging        | |  1.7
Unarmed Combat | |  0.2
Spellcasting   | |  1.0
Hexes          | |  2.4

Action                   || total
-------------------------++-------
Melee: Unarmed           ||    42
  Use: Potion            ||     1
  Eat: Chunk             ||     2
Armor: Robe              ||    24
Dodge: Dodged            ||    24
